 Dungeon Crawl Stone Soup version 0.31-a0-1338-gb567cfdca4 (webtiles) character file.

Game seed: 4803646549746403406

549 Rennog the Ruffian (level 7, -2/46 HPs)
             Began as an Octopode Shapeshifter on Dec 23, 2023.
             Was an Initiate of Elyvilon.
             Slain by an ogre
             ... wielding a +0 giant club
              (31 damage)
             ... on level 5 of the Dungeon.
             The game lasted 00:05:15 (3904 turns).

Rennog the Ruffian (Octopode Shapeshifter)          Turns: 3904, Time: 00:05:15

Health: -2/46      AC:  1    Str: 15    XL:     7   Next: 28%
Magic:  7/7        EV: 13    Int: 12    God:    Elyvilon [......]
Gold:   332        SH:  5    Dex: 12    Spells: 6/6 levels left

rFire   . .          .
                       - Unarmed
rCold   . . .        (no shield)
rNeg    . . .        (helmet currently unavailable)
rPois   .            l - amulet of reflection
rElec   .            m - ring of see invisible
rCorr   .            (no ring)
SInv    +            (no ring)
Will    .....        (no ring)
Stlth   ++           (no ring)
HPRegen 0.27/turn    (no ring)
MPRegen 0.10/turn    (no ring)
                     (no ring)

%: reflection
@: beast-form
A: beast (slay +3), almost no armour, amphibious, 8 rings, camouflage 1,
gelatinous body 1, (nimble swimmer 1), tentacles
a: Begin Untransformation, Renounce Religion


You were on level 5 of the Dungeon.
You worshipped Elyvilon.
Elyvilon was noncommittal.
You were a hulking beast.
You visited 2 branches of the dungeon, and saw 6 of its levels.

You collected 332 gold pieces.

Inventory:

Jewellery
 l - an amulet of reflection (around mantle)
 m - a ring of see invisible (left tentacle)
 p - a ring of magical power
Talismans
 b - a beast talisman
 c - a flux talisman
Scrolls
 e - 2 scrolls of identify {unknown}
 f - a scroll of enchant armour {unknown}
 g - 4 scrolls of teleportation {unknown}
 n - a scroll of enchant weapon {unknown}
 o - a scroll of butterflies {unknown}
 q - a scroll of vulnerability {unknown}
 r - a scroll of immolation {unknown}
 t - a scroll of revelation {unknown}
Potions
 a - 2 potions of lignification
 d - 4 potions of curing {unknown}
 h - a potion of degeneration {unknown}
 i - a potion of attraction {unknown}
 j - 2 potions of might {unknown}
 k - a potion of heal wounds {unknown}
 s - 2 potions of ambrosia {unknown}


   Skills:
 + Level 3.3 Fighting
 - Level 2.0 Dodging
 * Level 5.6 Unarmed Combat
 * Level 5.3 Shapeshifting


You had 6 spell levels left.
You didn't know any spells.
Your spell library contained the following spells:

 Spells                   Type           Power      Damage    Failure   Level
 Scorch                   Fire           0%         2d5       45%         2
 Flame Wave               Conj/Fire      0%         2d4       97%         4
 Summon Ice Beast         Ice/Summ       0%         N/A       97%         4
 Summon Mana Viper        Hex/Summ       0%         N/A       100%        5
 Summon Cactus Giant      Summ           0%         N/A       100%        6
 Monstrous Menagerie      Summ           0%         N/A       100%        7


Dungeon Overview and Level Annotations

Branches:
Dungeon (5/15)             Temple (1/1) D:5

Altars:
Elyvilon
Gozag
Makhleb
Nemelex Xobeh
Qazlal
Sif Muna
Trog
Vehumet
Xom
Zin

Shops:
D:1 [


Innate Abilities, Weirdness & Mutations

You are a hulking beast.
Your limbs bulge with bestial killing power. (Slay +3)
You cannot wear most types of armour.
You are amphibious.
You can wear up to eight rings at the same time.
Your skin changes colour to match your surroundings (Stealth+).
Your rubbery body absorbs attacks. (AC +1, EV +1)
((You are camouflaged when in or above water. (Stealth+)))
You have tentacles for arms and can constrict up to eight enemies at once.


Message History

A gnoll is nearby!
A gnoll is nearby!
You bludgeon the gnoll! Your grab misses the gnoll. You squeeze the gnoll.
The gnoll is almost dead.
You block the gnoll's attack.
You tentacle-slap the gnoll.
You kill the gnoll!
No target in view!
No target in view!
No target in view!
No target in view!
No target in view!
You see here a bombardier beetle corpse.
You now have 323 gold pieces (gained 14).
You now have 332 gold pieces (gained 9).
There is an open door here.
You open the door.
There is an open door here.
There is an open door here.
There is an open door here.
An ogre comes into view. It is wielding a +0 giant club.
An ogre is nearby!
An ogre is nearby!
An ogre is nearby!
The ogre shouts!
You tentacle-slap the ogre.
The ogre is lightly wounded.
The ogre hits you with a +0 giant club!!
You tentacle-slap the ogre but do no damage.
The ogre is lightly wounded.
You closely miss the ogre. You squeeze the ogre!
The ogre is heavily wounded.
The ogre hits you with a +0 giant club!!
Elyvilon protects you from harm!
You tentacle-slap the ogre.
Your tentacle-slap misses the ogre.
You squeeze the ogre, but do no damage.
The ogre is severely wounded.
The ogre hits you with a +0 giant club!!
Ouch! That really hurt!
You die...

#.#####...#......####### #.# #.#
#...#......# #.# #.# #...#......#
###.### #.# #####......# #######
#.# #......# ######⌠.⌠### #.#
#......# ##....+.>.#.. #.#
##########'### #..####⌠.⌠###
#.###.......##.######..# ###'###
..#.'....[..'..Oh......# ###.###
..#.#.......##.######### #.#
#.#.#.......##........ #.#
#.#.#..†....################.####
.<).#..†....# #.#........
###.#.......# #.######.##
#.#.......# #.# ###.##
#.######### #.# #..... #...######
##########.####.....


You could see an ogre.

Vanquished Creatures
  A water moccasin (D:5)
  A centaur (D:5)
  A scorpion (D:5)
  A hound (D:4)
  A sleepcap (D:4)
  4 gnolls (D:5)
  9 adders
  2 bombardier beetles (D:5)
  4 worms
  4 dart slugs
  6 orcs
  2 bats
  6 endoplasms
  3 giant cockroaches
  16 goblins
  6 hobgoblins
  4 jackals (D:2)
  5 quokkas
  6 ball pythons
  4 frilled lizards
  4 kobolds
  8 rats
98 creatures vanquished.

Notes
Turn   | Place    | Note
-------+----------+-------------------------------------------
     0 | D:1      | Rennog the Octopode Shapeshifter began the quest for the
                  | Orb.
     0 | D:1      | Reached XP level 1. HP: 13/13 MP: 1/1
   398 | D:1      | Reached XP level 2. HP: 18/18 MP: 2/2
   532 | D:1      | Found Cevoadof's Antique Armour Emporium.
   886 | D:2      | Reached XP level 3. HP: 23/23 MP: 3/3
  1159 | D:2      | Reached XP level 4. HP: 26/29 MP: 4/4
  1903 | D:3      | Reached XP level 5. HP: 34/34 MP: 5/5
  2215 | D:3      | Found a shimmering blue altar of Sif Muna.
  3052 | D:4      | Reached XP level 6. HP: 36/41 MP: 6/6
  3144 | D:4      | Found a burning altar of Makhleb.
  3262 | D:5      | Entered Level 5 of the Dungeon
  3268 | D:5      | Noticed a water moccasin
  3414 | D:5      | Found a staircase to the Ecumenical Temple.
  3491 | Temple   | Entered the Ecumenical Temple
  3504 | Temple   | Became a worshipper of Elyvilon the Healer
  3588 | D:5      | Killed a water moccasin
  3589 | D:5      | Reached skill level 5 in Unarmed Combat
  3695 | D:5      | Reached skill level 5 in Shapeshifting
  3730 | D:5      | Reached XP level 7. HP: 46/46 MP: 7/7
  3903 | D:5      | Elyvilon protects you from harm!
  3904 | D:5      | Slain by an ogre

Illustrated notes

Levels and vault maps discovered:
D:1:      reono_arrival_mine, layout_loops_corners, serial_shops, shop
D:2:      layout_rooms, dreamdust_wishing_well
D:3:      layout_loops_ring, kennysheep_orc_sif_temple
D:4:      layout_gridville, mainiacjoe_overflow_alcove_1
D:5:      layout_basic, temple_doors_e
Temple:   nicolae_temple_ecumenical_triangle

Skill      XL: |  1  2  3  4  5  6 |
---------------+-------------------+-----
Unarmed Combat | 4 5 |  5.6
Fighting       | 2 3 |  3.3
Shapeshifting  | 4 5 |  5.3
Dodging        | |  2.0

Action                     |  1- 3 |  4- 6 |  7- 9 || total
---------------------------+-------+-------+-------++-------
  Melee: Unarmed           |    71 |   105 |    26 ||   202
         Tentacles         |    20 |    30 |     5 ||    55
         Constrict         |    18 |    29 |     4 ||    51
         Punch             |     3 |     3 |       ||     6
   Stab: Sleeping          |     4 |    12 |       ||    16
         Distracted        |       |     2 |       ||     2
 Armour: Skin              |    30 |    27 |    11 ||    68
  Dodge: Dodged            |    43 |    56 |    18 ||   117
  Block: Other             |       |     3 |     6 ||     9

Table legend: (Time is in decaauts)
 A = Elapsed time spent in this place.
 B = Non-inter-level travel time spent in this place.
 C = Inter-level travel time spent in this place.
 D = Time resting spent in this place.
 E = Time spent auto-exploring this place.
 F = Levels seen in this place.
 G = Mean time per level.
                   A        B        C        D        E       F      G
               +--------+--------+--------+--------+--------+-----+--------+
         Total |   3888 |   3676 |    212 |      0 |   3042 |   6 |  648.0 |
       Dungeon |   3861 |   3673 |    188 |      0 |   3042 |   5 |  772.2 |
        Temple |     26 |      2 |     24 |      0 |      0 |   1 |   26.0 |
               +--------+--------+--------+--------+--------+-----+--------+

Top non-repeatable levels by time:
     D:4: 903 daAuts
     D:1: 874 daAuts
     D:3: 860 daAuts
     D:2: 644 daAuts
     D:5: 579 daAuts
  Temple: 26 daAuts
